 Dungeon Crawl Stone Soup version 0.25-a0-1073-gf4359a17dd (webtiles) character file.

Game seed: 9094102604892473940, levelgen mode: deterministic

269504 Flugslaktarn the Severer (level 19, 0/183 HPs)
             Began as a Deep Dwarf Fighter on May 14, 2020.
             Was the Champion of Makhleb.
             Killed from afar by an ancient lich (48 damage)
             ... with a bolt of lightning
             ... on level 5 of the Vaults.
             The game lasted 00:23:04 (22684 turns).

Flugslaktarn the Severer (Deep Dwarf Fighter)      Turns: 22684, Time: 00:23:04

Health: 0/183      AC: 27    Str: 25    XL:     19   Next: 40%
Magic:  19/19 (10) EV: 19    Int: 11    God:    Makhleb [******]
Gold:   2672       SH: 18    Dex: 23    Spells: 18/18 levels left

rFire    + . .     SeeInvis +   a - +0 broad axe (freeze)
rCold    + + +     Gourm    .   T - +3 kite shield {rC+}
rNeg     + . .     Faith    .   R - +6 chain mail of the Clam {Dex+7}
rPois    +         Spirit   .   B - +0 mask of the Dragon {MR+ Slay+3 SInv}
rElec    .         Reflect  .   M - scarf {harm}
rCorr    .         Harm     .   H - +2 pair of gloves {Dex+3}
MR       +++..                  O - +2 pair of boots
Stlth    ..........             N - amulet of the acrobat
HPRegen  0.00/turn              f - ring of protection from fire
MPRegen  0.16/turn              X - ring of Lirysut {*Contam rPois rC++ MP+9 Slay+3}

@: mighty, lethally poisoned (0 -> 0), non-regenerating, studying Axes, lightly
drained
A: damage resistance, heal wounds, negative energy resistance 1, sense
surroundings 3, no regeneration
}: 2/15 runes: decaying, serpentine
a: Heal Wounds, Minor Destruction, Lesser Servant of Makhleb, Major Destruction,
Greater Servant of Makhleb, Renounce Religion


You were on level 5 of the Vaults.
You worshipped Makhleb.
Makhleb was exalted by your worship.
You were very hungry.

You visited 6 branches of the dungeon, and saw 35 of its levels.
You visited the Abyss 1 time.
You also visited: Ossuary and Ice Cave.

You collected 2798 gold pieces.
You spent 126 gold pieces at shops.

Inventory:

Hand Weapons
 a - a +0 broad axe of freezing (weapon)
   (You took it off a death knight on level 10 of the Dungeon)
 g - the +9 hand axe "Fudihev" {freeze, Str+4 Dex+4}
   (You found it on level 6 of the Lair of Beasts)

   It has been specially enchanted to freeze those struck by it, causing extra
   injury to most foes and up to half again as much damage against particularly
   susceptible opponents.
   It can also slow down cold-blooded creatures.
   It affects your strength (+4).
   It affects your dexterity (+4).
Missiles
 G - 2 throwing nets (quivered)
Armour
 B - the +0 mask of the Dragon (worn) {MR+ Slay+3 SInv}
   (You found it on level 3 of the Swamp)

   It affects your accuracy and damage with ranged weapons and melee attacks
   (+3).
   It affects your resistance to hostile enchantments.
   It lets you see invisible.
 H - a +2 pair of gloves of dexterity (worn)
   (You found it on level 10 of the Dungeon)
 M - a scarf of harm (worn)
   (You found it on level 4 of the Dungeon)
 O - a +2 pair of boots (worn)
   (You found it on level 11 of the Dungeon)
 R - the +6 chain mail of the Clam (worn) {Dex+7}
   (You found it on level 5 of the Lair of Beasts)

   It affects your dexterity (+7).
 T - a +3 kite shield of cold resistance (worn)
   (You took it off a tengu warrior on level 14 of the Dungeon)
Jewellery
 f - a ring of protection from fire (left hand)
   (You found it on level 2 of the Lair of Beasts)
 i - an uncursed ring of see invisible
   (You found it in an ice cave)
 j - an uncursed ring of protection from fire
   (You found it on level 3 of the Vaults)
 m - an uncursed ring of protection from magic
   (You found it on level 9 of the Dungeon)
 v - a +4 ring of evasion
   (You found it in an ice cave)
 C - a +6 ring of dexterity
   (You found it on level 1 of the Lair of Beasts)
 N - an amulet of the acrobat (around neck)
   (You found it on level 15 of the Dungeon)
 X - the ring of Lirysut (right hand) {*Contam rPois rC++ MP+9 Slay+3}
   (You found it in an ice cave)

   [ring of magical power]

   It affects your accuracy and damage with ranged weapons and melee attacks
   (+3).
   It greatly protects you from cold.
   It protects you from poison.
   It affects your magic capacity (+9).
   It causes magical contamination when unequipped.
Wands
 c - a wand of iceblast (24)
   (You found it on level 6 of the Lair of Beasts)
 o - a wand of digging (15)
   (You found it on level 1 of the Lair of Beasts)
 F - a wand of clouds (1)
   (You took it off Erolcha on level 11 of the Dungeon)
 L - a wand of paralysis (29)
   (You found it on level 11 of the Dungeon)
 Q - a wand of enslavement (9)
   (You found it on level 12 of the Dungeon)
 V - a wand of acid (21)
   (You found it on level 13 of the Dungeon)
Scrolls
 k - 3 scrolls of immolation
 l - a scroll of summoning
 r - 15 scrolls of identify
 t - 5 scrolls of teleportation
 x - 8 scrolls of remove curse
 y - 10 scrolls of fog
 z - a scroll of blinking
 P - 3 scrolls of fear
 S - a scroll of brand weapon
 U - a scroll of enchant armour
Potions
 h - 3 potions of haste
 n - 2 potions of resistance
 p - 4 potions of stabbing
 q - 9 potions of curing
 u - 5 potions of brilliance
 A - 3 potions of ambrosia
 D - 5 potions of lignification
 E - 3 potions of invisibility
 J - 3 potions of cancellation
 K - a potion of magic
 W - 4 potions of berserk rage
Books
 b - a manual of Axes
   (You acquired it on level 1 of the Vaults)
Miscellaneous
 s - a tin of tremorstones (3/3)
   (You found it on level 6 of the Lair of Beasts)
Comestibles
 e - 38 rations
 I - 3 chunks of flesh


   Skills:
 + Level 14.6(13.9) Fighting
 - Level 18.0(17.2) Axes
 + Level 17.0(16.2) Armour
 + Level 14.4(13.7) Dodging
 - Level 15.0(14.2) Shields
 - Level 15.0(14.2) Invocations
 - Level 6.0(5.4) Evocations


You had 18 spell levels left.
You didn't know any spells.
Your spell library was empty.

Dungeon Overview and Level Annotations

Branches:
Dungeon (15/15)            Temple (1/1) D:7            Lair (6/6) D:11
  Swamp (4/4) Lair:2        Snake (4/4) Lair:2        Slime (0/5) Lair:6
    Orc (0/2) D:10         Vaults (5/5) D:13         Depths (0/5) D:15
Ossuary (visited)           IceCv (visited)
  Crypt: Vaults:2-3

Altars:
Cheibriados
Dithmenos
Fedhas
Gozag
Makhleb
Nemelex Xobeh
Qazlal
Ru
Sif Muna
Uskayaw
Vehumet
Wu Jian
Xom
Yredelemnul

Shops:
D:5 ?   D:15 [

Portals:
Trove: Vaults:2 (show abyssal rune of Zot)

Annotations:
D:5 Prince Ribbit
D:7 exclusion: statue
D:8 1 runed translucent door, bmj180's ghost, novice DrCj
D:9 1 runed translucent door, bmj180's ghost, novice DrCj
D:10 4 runed translucent doors, Snorg
Lair:3 exclusion: oklob plant
Vaults:5 Bai Suzhen; Boris; Jory


Innate Abilities, Weirdness & Mutations

You are resistant to damage.
You can heal yourself by infusing magical energy.
You resist negative energy. (rN+)
You passively map a large area around you.
You do not regenerate.


Message History

The ancient lich touches you but does no damage.
Boris misses you. Boris touches you but does no damage.
The stone giant closely misses you.
The stone giant throws a large rock.
The large rock hits Boris!
You are too injured to fight recklessly!
You are too injured to fight recklessly!
You are too injured to fight recklessly!
You slash the ancient lich!
The ancient lich is almost destroyed.
You hit the stone giant but do no damage.
You slash Boris! You block the ancient lich's attack. You block Boris's attack.
Boris touches you but does no damage. The stone giant misses you.
The stone giant throws a large rock.
The large rock barely misses Boris.
The large rock barely misses you.
You hit the ancient lich but do no damage.
The ancient lich is almost destroyed.
You slash the stone giant! You freeze the stone giant. You hit Boris.
The ancient lich points at you and mumbles some strange words.
The bolt of lightning hits you!!!
You die... * ,, , ....#O.O....# , , * , , ..4#Gpp....# , * * *, , , * #e.#pe###..# , * * , , ,,#4s#CC# #..# * *, ***, #*p#.O# #.... , , * #TCc*C# #..... * #cC°cC#

#..#### ,
,*
#####C###
#..., ,
#?|@LQ:#
#... *
#(?LC[*#
,, , **
***,
#)}?)[:#
, , * , ,
#)[$})$#,
, , , , ,
, * ,
#$:!|$:#
, , * * *
*
########
,, * *, *
, , , * ,
*, * , **
* ,*, , *
*, ,


You could see Boris (empowered, invisible), a titan (empowered), an ancient lich
(fast, empowered), 3 stone giants, a tengu reaver (empowered), a yaktaur and a
battlesphere.

Vanquished Creatures
  Boris (Vaults:4)
  Frederick (Vaults:5)
  Vashnia (Snake:3)
  A tentacled monstrosity (Vaults:5)
  A titan (Vaults:5)
  Gastronok (Lair:2)
  A thorn hunter (Swamp:3)
  2 tengu reavers (Vaults:5)
  A shadow dragon (Vaults:5)
  6 nagarajas
  A fire giant (Vaults:3)
  A frost giant (shapeshifter) (Vaults:5)
  6 vault wardens
  A frost giant (Vaults:4)
  Aizul (Snake:1)
  5 very ugly things (Vaults:2)
  2 war gargoyles
  8 ironheart preservers
  2 vampire knights
  An entropy weaver (Vaults:2)
  A large abomination (Vaults:5)
  The ghost of acepyromaniac2 the Severer, a journeyman MiFi of Okawaru (Lair:6)
  Azrael (Snake:1)
  A dire elephant (D:15)
  2 ettins
  The ghost of coffeespoons the Spear-Bearer, a journeyman MfFi of Okawaru (Lair:6)
  2 fire dragons
  7 yaktaur captains
  Erolcha (D:11)
  5 ogre magi
  33 vault guards
  Fannar (D:12)
  A great orb of eyes (Vaults:3)
  4 ice dragons
  8 naga warriors
  Erica (D:10)
  4 shambling mangroves
  A catoblepas (Lair:5)
  A ghost crab (Swamp:4)
  An anaconda (Snake:4)
  A rakshasa (Vaults:1)
  9 centaur warriors
  19 hydras
  11 two-headed ogres
  A death knight (D:10)
  11 alligators
  2 tengu warriors (D:14)
  A shock serpent (Snake:1)
  9 naga sharpshooters
  A spriggan berserker (Swamp:4)
  Urug (Lair:5)
  A fire crab (shapeshifter) (D:13)
  A skeletal warrior (D:10)
  2 spriggans (Swamp:3)
  A deep elf knight (Vaults:4)
  4 spriggan druids
  2 deep trolls (Vaults:5)
  An unseen horror (D:10)
  A flayed ghost (Vaults:3)
  7 swamp dragons
  A naga ritualist (Snake:4)
  A wizard (Vaults:1)
  7 orc knights
  A phantasmal warrior (D:10)
  11 ironbrand convokers
  3 harpies (Vaults:2)
  2 deep elf archers
  4 deep elf magi
  19 ugly things
  A faun (shapeshifter) (Vaults:1)
  A cyclops (shapeshifter) (Vaults:4)
  3 wolf spiders
  2 mana vipers
  9 cyclopes
  2 salamanders
  3 manticores
  25 elephants
  3 ice statues
  4 centaur zombies
  8 guardian serpents
  6 vault sentinels
  14 black mambas
  29 spiny frogs
  8 naga magi
  3 gargoyles
  3 centaur skeletons
  5 rime drakes
  2 efreet (D:15)
  A kobold demonologist (D:13)
  6 freezing wraiths
  17 yaktaurs
  10 komodo dragons
  2 tengu conjurers
  A wind drake (shapeshifter) (Vaults:3)
  4 polar bears
  4 hornets
  3 trolls
  8 blink frogs (Lair:6)
  7 tyrant leeches
  12 bog bodies
  A meliai zombie (D:15)
  10 slime creatures
  8 hippogriffs
  4 dream sheep (Lair:6)
  2 redbacks (Vaults:2)
  4 centaur simulacra
  A vampire (D:14)
  Eustachio (D:4)
  A human (D:7)
  4 basilisks
  27 yaks
  A redback simulacrum (D:15)
  4 hogs (D:7)
  2 hungry ghosts
  2 fire elementals (Snake:1)
  2 chaos spawn (Abyss:1)
  24 vampire mosquitoes
  5 insubstantial wisps (Swamp:4)
  2 wargs
  36 nagas
  Edmund (D:5)
  A harpy simulacrum (D:15)
  2 acid dragons (D:15)
  2 soldier ants
  5 hell hounds (Snake:1)
  12 swamp worms
  16 water moccasins
  6 porcupines
  5 small abominations
  13 swamp drakes
  3 eyes of draining
  10 orc warriors
  4 sky beasts
  A black bear (shapeshifter) (Vaults:3)
  A meliai simulacrum (D:15)
  An eye of draining (shapeshifter) (Vaults:5)
  27 ice beasts
  2 phantoms
  2 black bears
  3 wolves (Lair:3)
  23 centaurs
  17 ogres
  2 big kobolds
  11 crocodiles
  28 bullfrogs
  A gnoll sergeant (D:9)
  6 scorpions
  A hornet simulacrum (D:15)
  18 killer bees
  4 electric eels
  2 howler monkeys (D:9)
  6 crimson imps
  2 quasits
  A human simulacrum (Vaults:3)
  13 orc priests
  2 bullfrog skeletons
  2 gnoll shamans
  10 hounds
  A human zombie (Ossuary)
  7 jellies
  2 iguanas
  14 orc wizards
  15 worker ants
  A killer bee zombie (D:5)
  2 hound zombies (D:6)
  A hound skeleton (D:7)
  3 mummies (Ossuary)
  10 adders
  11 gnolls
  A shadow imp (D:9)
  4 white imps
  6 oozes
  An adder skeleton (D:8)
  3 adder zombies
  2 worms (D:4)
  A dart slug (D:5)
  6 leopard geckos
  69 orcs
  2 giant cockroaches
  3 goblins
  9 hobgoblins
  4 quokkas
  4 bats (D:2)
  4 frilled lizards
  4 goblin zombies (Ossuary)
  2 hobgoblin zombies (Ossuary)
  3 jackal zombies
  9 kobolds
  3 kobold zombies (Ossuary)
  4 quokka zombies
  A rat (D:3)
  3 rat zombies (Ossuary)
  3 briar patches (Swamp:3)
  A crawling corpse (Vaults:5)
  5 fungi
  13 plants
1106 creatures vanquished.

Vanquished Creatures (collateral kills)
  Rupert (Lair:3)
  A nagaraja (Snake:4)
  A stone giant (Vaults:5)
  A deep elf annihilator (Vaults:5)
  A yaktaur captain (Vaults:5)
  A naga sharpshooter (Snake:3)
  A shock serpent (Snake:4)
  A guardian serpent (Snake:3)
  3 spiny frogs (Lair:6)
  3 naga magi
  A komodo dragon (Lair:6)
  A rime drake (Lair:3)
  A tyrant leech (Lair:6)
  2 blink frogs (Lair:6)
  A hippogriff (shapeshifter) (Vaults:5)
  4 nagas (Snake:4)
  A bullfrog (Lair:6)
25 creatures vanquished.

Vanquished Creatures (others)
  2 unseen horrors
  A bog body (Swamp:4)
  2 swamp worms (Swamp:4)
  An insubstantial wisp (Swamp:4)
  A swamp drake (Swamp:4)
  2 sky beasts
  A quokka (D:8)
  A bush (Lair:6)
  13 fungi
  35 plants
  3 withered plants (Lair:6)
62 creatures vanquished.

Grand Total: 1193 creatures vanquished

Notes
Turn   | Place    | Note
-------+----------+-------------------------------------------
     0 | D:1      | Flugslaktarn the Deep Dwarf Fighter began the quest for the
                  | Orb.
     0 | D:1      | Reached XP level 1. HP: 20/20 MP: 1/1
   194 | D:1      | Reached XP level 2. HP: 27/27 MP: 2/2
   526 | D:4      | Found a shadowy altar of Dithmenos.
   544 | D:4      | Reached skill level 3 in Axes
   544 | D:4      | Reached XP level 3. HP: 28/33 MP: 3/3
   602 | D:4      | Noticed a scorpion
   624 | D:4      | Killed a scorpion
   624 | D:4      | Reached XP level 4. HP: 30/42 MP: 4/4
   883 | D:4      | Reached skill level 4 in Axes
   883 | D:4      | Reached XP level 5. HP: 37/49 MP: 4/4
   943 | D:4      | Noticed Eustachio
   985 | D:4      | Killed Eustachio
   985 | D:4      | Reached XP level 6. HP: 53/57 MP: 5/5
   992 | D:4      | Found a sand-covered staircase.
  1001 | Ossuary  | Entered an ossuary
  1009 | Ossuary  | Reached skill level 5 in Axes
  1557 | D:5      | Entered Level 5 of the Dungeon
  1570 | D:5      | Noticed Edmund
  1584 | D:4      | Reached skill level 5 in Shields
  1584 | D:4      | Reached XP level 7. HP: 38/64 MP: 6/6
  1591 | D:5      | Found a blossoming altar of Fedhas.
  1601 | D:5      | Reached skill level 6 in Axes
  1601 | D:5      | Reached skill level 5 in Armour
  1643 | D:5      | Cast into level 1 of the Abyss (Edmund)
  1741 | Abyss:1  | Noticed a chaos spawn
  1746 | Abyss:1  | Noticed a chaos spawn
  1753 | Abyss:1  | Paralysed by a chaos spawn for 6 turns
  1758 | Abyss:1  | HP: 1/66 [chaos spawn (4)]
  1778 | Abyss:1  | Killed a chaos spawn
  1782 | Abyss:1  | Killed a chaos spawn
  1782 | Abyss:1  | Reached XP level 8. HP: 37/73 MP: 1/6
  1784 | D:5      | Escaped the Abyss
  1787 | D:5      | Killed Edmund
  1787 | D:5      | Reached skill level 7 in Axes
  2178 | D:5      | Reached skill level 5 in Fighting
  2480 | D:5      | Found Daokloel's Magic Scroll Shoppe.
  2485 | D:5      | Bought a scroll of enchant weapon for 82 gold pieces
  2485 | D:5      | Bought a scroll of fog for 22 gold pieces
  2485 | D:5      | Bought a scroll of identify for 22 gold pieces
  2510 | D:5      | Noticed Prince Ribbit
  2805 | D:6      | Reached skill level 8 in Axes
  3086 | D:6      | Gained mutation: You passively map the area around you.
                  | [Deep Dwarf growth]
  3086 | D:6      | Reached XP level 9. HP: 43/81 MP: 6/6
  3216 | D:6      | Found a sparkling altar of Nemelex Xobeh.
  3690 | D:7      | Reached skill level 9 in Axes
  3942 | D:7      | Found a staircase to the Ecumenical Temple.
  4104 | Temple   | Entered the Ecumenical Temple
  4137 | Temple   | Became a worshipper of Makhleb the Destroyer
  4195 | D:7      | Found a radiant altar of Vehumet.
  4357 | D:8      | Found a shimmering altar of Xom.
  4358 | D:8      | Noticed a two-headed ogre
  4384 | D:8      | Reached skill level 10 in Axes
  4384 | D:8      | Reached skill level 1 in Invocations
  4417 | D:8      | Killed a two-headed ogre
  4417 | D:8      | Reached XP level 10. HP: 31/92 MP: 6/6
  4527 | D:8      | Reached * piety under Makhleb
  4597 | D:8      | Found a runed translucent door.
  4597 | D:8      | Noticed bmj180's ghost (novice DrCj)
  4713 | D:8      | Found a basalt altar of Yredelemnul.
  4713 | D:8      | Found an opulent altar of Gozag.
  4714 | D:8      | Found a shimmering altar of Xom.
  4724 | D:8      | Found a stormy altar of Qazlal.
  4947 | D:9      | Noticed a two-headed ogre
  4972 | D:9      | Killed a two-headed ogre
  5014 | D:9      | Found a runed translucent door.
  5016 | D:9      | Noticed bmj180's ghost (novice DrCj)
  5017 | D:9      | Identified the +9 spear of Duty {protect, Str+3}
  5070 | D:9      | Reached skill level 11 in Axes
  5184 | D:9      | Noticed a two-headed ogre
  5214 | D:9      | Killed a two-headed ogre
  5355 | D:9      | Reached ** piety under Makhleb
  5565 | D:9      | Reached XP level 11. HP: 71/100 MP: 8/8
  5573 | D:9      | Reached skill level 5 in Invocations
  6163 | D:10     | Entered Level 10 of the Dungeon
  6172 | D:10     | Noticed Erica
  6184 | D:10     | Reached *** piety under Makhleb
  6193 | D:10     | Killed Erica
  6278 | D:10     | Found a staircase to the Orcish Mines.
  6640 | D:10     | Found a runed translucent door.
  6649 | D:10     | Found a runed translucent door.
  6661 | D:10     | Found a runed translucent door.
  6693 | D:10     | Killed an unseen horror
  6693 | D:10     | Reached skill level 12 in Axes
  6758 | D:10     | Noticed a phantasmal warrior
  6775 | D:10     | Noticed a skeletal warrior
  6811 | D:10     | Found a runed translucent door.
  6871 | D:10     | Killed a skeletal warrior
  6883 | D:10     | Noticed a death knight
  6920 | D:10     | Killed a death knight
  6920 | D:10     | Reached **** piety under Makhleb
  6923 | D:10     | Killed a phantasmal warrior
  7029 | D:10     | Noticed Snorg
  7078 | D:11     | Noticed a six-headed hydra
  7088 | D:11     | Noticed a two-headed ogre
  7152 | D:11     | Killed a two-headed ogre
  7181 | D:11     | Killed a seven-headed hydra
  7212 | D:11     | Noticed Erolcha
  7214 | D:11     | Reached XP level 12. HP: 32/111 MP: 6/6
  7230 | D:11     | Killed Erolcha
  7230 | D:11     | Reached skill level 13 in Axes
  7230 | D:11     | Reached skill level 10 in Shields
  7943 | D:11     | Found a staircase to the Lair.
  7969 | Lair:1   | Entered Level 1 of the Lair of Beasts
  7974 | Lair:1   | Found the +8 whip "Snakebite" {curare, rPois}
  7994 | Lair:1   | Reached skill level 10 in Armour
  8779 | Lair:2   | Reached skill level 1 in Dodging
  8952 | Lair:2   | Found a staircase to the Snake Pit.
  9005 | Lair:2   | Noticed Gastronok
  9031 | Lair:2   | Killed Gastronok
  9031 | Lair:2   | Reached skill level 5 in Dodging
  9552 | Lair:2   | Found a staircase to the Swamp.
  9673 | Lair:3   | Noticed a five-headed hydra
  9768 | Lair:3   | Reached ***** piety under Makhleb
 10045 | Lair:3   | Noticed Rupert
 10078 | Lair:3   | Killed Rupert
 10183 | Lair:3   | Reached XP level 13. HP: 58/120 MP: 7/7
 11004 | Lair:4   | Reached skill level 14 in Axes
 11562 | Lair:5   | Noticed Urug
 11576 | Lair:5   | Killed Urug
 11643 | Lair:5   | Got an ancient helmet
 11649 | Lair:5   | Got a slimy chain mail
 11660 | Lair:5   | Identified the +1 helmet "Cynyus" {*Slow rF+ rCorr} (You
                  | found it on level 5 of the Lair of Beasts)
 11661 | Lair:5   | Identified the +6 chain mail of the Clam {Dex+7} (You found
                  | it on level 5 of the Lair of Beasts)
 11718 | Lair:6   | Entered Level 6 of the Lair of Beasts
 11722 | Lair:6   | Found a staircase to the Slime Pits.
 12064 | Lair:6   | Reached skill level 10 in Invocations
 12200 | Lair:6   | Reached skill level 15 in Axes
 12200 | Lair:6   | Gained mutation: You resist negative energy. (rN+) [Deep
                  | Dwarf growth]
 12200 | Lair:6   | Reached XP level 14. HP: 73/130 MP: 5/5
 12218 | Lair:6   | Reached skill level 1 in Evocations
 12250 | Lair:6   | Got a brightly glowing war axe
 12251 | Lair:6   | Identified the +5 war axe "Remaph" {vorpal, *Corrode *Slow
                  | rF+++ SInv} (You found it on level 6 of the Lair of Beasts)
 12263 | Lair:6   | Got a brightly glowing hand axe
 12269 | Lair:6   | Identified the +4 hand axe "Sutsex" {flame, rElec} (You
                  | found it on level 6 of the Lair of Beasts)
 12366 | Lair:6   | Reached skill level 5 in Evocations
 12417 | Lair:6   | Reached ****** piety under Makhleb
 12836 | Lair:6   | Found a runed translucent gate.
 12837 | Lair:6   | Found a runed translucent gate.
 12838 | Lair:6   | Found a runed translucent gate.
 12839 | Lair:6   | Noticed coffeespoons's ghost (journeyman MfFi)
 12839 | Lair:6   | Noticed acepyromaniac2's ghost (journeyman MiFi)
 13118 | Lair:6   | Killed acepyromaniac2's ghost
 13120 | Lair:6   | Killed coffeespoons's ghost
 13138 | Lair:6   | Got a warped hand axe
 13139 | Lair:6   | Identified the +9 hand axe "Fudihev" {freeze, Str+4 Dex+4}
                  | (You found it on level 6 of the Lair of Beasts)
 13210 | Lair:5   | Reached skill level 10 in Fighting
 13857 | D:12     | Found a shimmering blue altar of Sif Muna.
 13902 | D:12     | Noticed Fannar
 13929 | D:12     | Killed Fannar
 14641 | D:13     | Found a gate to the Vaults.
 15034 | D:13     | Reached XP level 15. HP: 134/140 MP: 5/5
 16256 | D:15     | Entered Level 15 of the Dungeon
 16550 | D:15     | Found a frozen archway.
 16562 | IceCv    | Entered an ice cave
 16907 | IceCv    | Got a translucent ivory ring
 16918 | IceCv    | Identified the ring of Lirysut {*Contam rPois rC++ MP+9
                  | Slay+3} (You found it in an ice cave)
 17420 | D:15     | Found Jazuodd's Armour Boutique.
 17541 | D:15     | Found a staircase to the Depths.
 17951 | Swamp:1  | Entered Level 1 of the Swamp
 18415 | Swamp:2  | Reached XP level 16. HP: 151/151 MP: 8/8
 18551 | Swamp:3  | Noticed a thorn hunter
 18564 | Swamp:3  | Killed a thorn hunter
 18695 | Swamp:3  | Found the +0 mask of the Dragon {MR+ Slay+3 SInv}
 18841 | Swamp:4  | Entered Level 4 of the Swamp
 18910 | Swamp:4  | Reached skill level 16 in Axes
 19123 | Swamp:4  | Reached skill level 10 in Dodging
 19246 | Swamp:4  | Got a decaying rune of Zot
 19528 | Snake:1  | Entered Level 1 of the Snake Pit
 19613 | Snake:1  | Noticed Azrael
 19631 | Snake:1  | Killed Azrael
 19662 | Snake:1  | Identified a scroll of acquirement
 19752 | Snake:1  | Noticed Aizul
 19789 | Snake:1  | Killed Aizul
 20001 | Snake:3  | Noticed Vashnia
 20067 | Snake:3  | Killed Vashnia
 20067 | Snake:3  | Reached XP level 17. HP: 89/159 MP: 8/8
 20098 | Snake:4  | Entered Level 4 of the Snake Pit
 20241 | Snake:4  | Reached skill level 17 in Axes
 20461 | Snake:4  | Got a serpentine rune of Zot
 20759 | Vaults:1 | Entered Level 1 of the Vaults
 20775 | Vaults:1 | Identified the ring of Xom's Flight of Fancy {Fire Str+2}
                  | (You acquired it on level 1 of the Vaults)
 20864 | Vaults:1 | Reached skill level 15 in Invocations
 20979 | Vaults:1 | Found a burning altar of Makhleb.
 21109 | Vaults:1 | You fall into a shaft and drop 1 floor!
 21513 | Vaults:2 | Reached skill level 18 in Axes
 21592 | Vaults:2 | Found a portal to a secret trove of treasure.
 21680 | Vaults:2 | Gained mutation: You passively map a large area around you.
                  | [Deep Dwarf growth]
 21680 | Vaults:2 | Reached XP level 18. HP: 81/170 MP: 10/10
 21697 | Vaults:2 | Reached skill level 15 in Shields
 21708 | Vaults:2 | Reached skill level 15 in Armour
 22101 | Vaults:4 | Noticed Boris
 22143 | Vaults:4 | Killed Boris
 22478 | Vaults:5 | Entered Level 5 of the Vaults
 22522 | Vaults:5 | Noticed an ancient lich
 22526 | Vaults:5 | Noticed a tentacled monstrosity
 22528 | Vaults:5 | Reached XP level 19. HP: 178/182 MP: 10/10
 22530 | Vaults:5 | Noticed Jory
 22536 | Vaults:5 | Noticed Bai Suzhen
 22538 | Vaults:5 | Noticed an ancient lich
 22551 | Vaults:5 | Noticed Frederick
 22570 | Vaults:5 | Killed Frederick
 22638 | Vaults:5 | Noticed Boris
 22684 | Vaults:5 | Killed from afar by an ancient lich

Illustrated notes

Levels and vault maps discovered:
D:1:      psy_arrival_basics, layout_basic, minmay_misc_feat_columns
D:2:      layout_loops_ring, minmay_heptomino_h4, uniq_robin
D:3:      wad_crossroads, layout_basic, lemuel_doored_altar
D:4:      layout_loops_corners, nicolae_ossuary_entry_plus,
          nicolae_dithmenos_the_darkroom, uniq_eustachio
D:5:      minmay_chambers_of_fours, layout_basic, fedhas_bush_and_centaur_altar,
          serial_shops, shop, first_ration, uniq_prince_ribbit1, uniq_edmund
D:6:      layout_gridville, nemelex_dance_club_becter
D:7:      layout_loops_ring, vehumet_statue, temple_statues, grunt_livestock
D:8:      layout_rooms, nicolae_overflow_quartered_altars,
          hellmonk_ghost_happy_afterlife, xom_confusion_cloud
D:9:      kennysheep_housing_project, layout_gridville,
          ebering_ghost_funeral_grove, lemuel_old_faithful
D:10:     layout_loops_ring, hiddenorc2_lemuel, dk_vineyard_1, grunt_decor_cap,
          minmay_statue_crystal_thing, uniq_snorg, uniq_erica
D:11:     layout_loops_ring, grunt_lair_entry_orc_guard_hut, uniq_erolcha
D:12:     layout_small_grid, basic_altar, uniq_fannar
D:13:     layout_roguey, erik_vaults_2, kennysheep_donut, nicolae_sextant,
          hangedman_corner_corridor
D:14:     layout_loops_ring, minmay_misc_feat_alley, serial_bayou_crossing
D:15:     hangedman_depths_entry_try_elsewhere_first, layout_cross,
          serial_shops, nicolae_shop_crystal, serial_ice, serial_ice_c,
          serial_ice_h, serial_ice_f, serial_ice_k, portal_ice_cave_rime,
          chequers_garden, kennysheep_crisscross
Temple:   bh_familiar_temple
Lair:1:   layout_cave_pods, chequers_serial_rivers_small_a, fungi_pond_lemuel
Lair:2:   layout_roguey, nicolae_swamp_entry_splash_gauntlet,
          guppyfry_snake_entry_garden, uniq_gastronok
Lair:3:   layout_roguey, cheibrodos_lair_reptile_den, uniq_rupert
Lair:4:   layout_hall_layers
Lair:5:   layout_regular_city, ice2_lemuel, grunt_megastairs_5, uniq_urug
Lair:6:   minmay_lair_end_frog_pond, layout_cave_pods,
          nicolae_slime_entry_slimehenge, gammafunk_ghost_cemetery
Swamp:1:  layout_basic_swamp, evilmike_swamp_ruin_rubble_1, swamp_pool1
Swamp:2:  layout_basic_swamp, hangedman_swamp_ruin_wall, swamp_pool2,
          grunt_witch_cave
Swamp:3:  layout_falls_marsh, evilmike_swamp_ruin_house_4
Swamp:4:  swamp_basic_johnstein, layout_basic_swamp, swamp_pool1,
          nicolae_swamp_fairy_circle
Snake:1:  layout_chambers, serial_bayou_pond_d, serial_bayou_pond_d,
          uniq_asterion, uniq_azrael, uniq_agnes, uniq_aizul
Snake:2:  layout_misc_corridors, basic_altar, serial_shops,
          nicolae_shop_statue_plus
Snake:3:  nicolae_aizul_guard, layout_cave_town, grunt_megastairs_1,
          uniq_vashnia
Snake:4:  minmay_snake_end_coiled, layout_misc_corridors, grunt_ministairs_8
Vaults:1: v_alt_pattern_2, v_misc_33, v_misc_4, ontoclasm_vaults_ring_square,
          nicolae_vaults_network_square, layout_vaults_omnigrid, basic_altar
Vaults:2: ontoclasm_vaults_ring_square, sword_in_stone,
          ontoclasm_vaults_gateway, vaults_dpeg_encased_lava, v_misc_13,
          nicolae_vaults_three_branches, v_misc_27,
          nicolae_vaults_diagonal_hallway_7, ontoclasm_vaults_shuriken,
          nicolae_vaults_network_s, v_misc_33, layout_vaults_omnicross,
          enter_trove_1
Vaults:3: gammafunk_vaults_ghost_crypt, st_diamondy, hangedman_vaults_stitches,
          v_pattern_3, nicolae_vaults_yaktaur_gun_rack, v_alt_pattern_1,
          v_alt_pattern_4, ontoclasm_vaults_spin,
          minmay_crypt_entry_simple_round, ontoclasm_vaults_fault,
          nicolae_vaults_shelves_hall, nicolae_vaults_gold_heap,
          vaults_room_door_ring, layout_vaults_ring
Vaults:4: v_rooms_4, hangedman_vaults_snaps, vaults_mumra_hexcomb,
          nicolae_vaults_theta, vaults_mumra_hex,
          ontoclasm_vaults_loading_screen, v_alt_pattern_3,
          ontoclasm_vaults_eye, vaults_mumra_chevron, v_misc_9,
          ontoclasm_vaults_decontamination, v_misc_16, vaults_dpeg_hooks,
          layout_vaults_big_room, uniq_boris
Vaults:5: serial_shops, uniq_frederick, uniq_jory, uniq_bai_suzhen

Skill      XL: |  1  2  3  4  5  6  7  8  9 10 11 12 13 14 15 16 17 18 19 |
---------------+----------------------------------------------------------+-----
Axes           | 3 4 5 6 8 10 11 12 13 15 16 18 | 18.0
Fighting       | 3 4 5 6 7 8 9 10 11 12 14 | 14.6
Armour         | 4 5 6 7 8 9 10 11 12 13 14 16 17 | 17.0
Shields        | 4 5 6 7 8 9 10 11 12 13 14 15 | 15.0
Invocations    | 2 4 7 8 10 11 13 14 15 | 15.0
Dodging        | 8 9 10 11 13 14 | 14.4
Evocations     | 6 |  6.0

Action                   |  1- 3 |  4- 6 |  7- 9 | 10-12 | 13-15 | 16-18 | 19-21 || total
-------------------------+-------+-------+-------+-------+-------+-------+-------++-------
Melee: War axe           |    83 |   142 |   438 |   612 |     6 |       |       ||  1281
       Broad axe         |       |       |       |   446 |   881 |  1261 |   122 ||  2710
       Scimitar          |       |       |       |    13 |    17 |       |       ||    30
       Hand axe          |       |       |       |       |  1002 |       |       ||  1002
Invok: Lesser Servant of |       |       |       |     2 |       |     1 |       ||     3
       Greater Servant o |       |       |       |       |     1 |     5 |     1 ||     7
 Abil: Heal Wounds       |       |     3 |    16 |    34 |    25 |    10 |    10 ||    98
Evoke: Wand              |       |       |     5 |       |     1 |       |       ||     6
       Tin of tremorston |       |       |       |       |     3 |       |       ||     3
  Use: Potion            |       |       |     2 |     3 |     3 |     3 |     3 ||    14
       Scroll            |       |       |    13 |    15 |     8 |     9 |     1 ||    46
 Stab: Distracted        |       |       |       |     1 |     1 |     3 |     2 ||     7
       Confused          |       |       |       |     1 |     3 |     1 |       ||     5
       Petrified         |       |       |       |       |     4 |       |       ||     4
       Petrifying        |       |       |       |       |     2 |       |       ||     2
  Eat: Chunk             |       |     3 |     9 |    19 |    23 |     8 |       ||    62
       Ration            |       |       |     4 |       |     2 |     2 |       ||     8
Armor: Scale mail        |    30 |       |       |       |       |       |       ||    30
       Chain mail        |    17 |   116 |   176 |       |   298 |   351 |    63 ||  1021
       Plate armour      |       |       |    98 |   586 |   224 |       |       ||   908
       Skin              |       |       |       |    22 |    95 |       |       ||   117
Dodge: Dodged            |    24 |    39 |    99 |   164 |   836 |   740 |   109 ||  2011
Block: Kite shield       |    44 |   106 |   277 |    48 |   449 |  1123 |   131 ||  2178
       Tower shield      |       |       |       |  1167 |  1501 |       |       ||  2668
       Rpst.: Scimitar   |       |       |       |     2 |     1 |       |       ||     3

Table legend:
 A = Non-vault XP
 B = Vault XP
 C = Vault XP percentage of total XP
 D = Non-vault monster count
 E = Vault monster count
 F = Vault count percentage of total count
                 A         B        C        D         E       F
            +---------+---------+-------+---------+---------+-------
      Total |  231989 |  184273 |  44.3 |     709 |     407 |  36.5
            +---------+---------+-------+---------+---------+-------
        D:1 |      15 |       0 |   0.0 |       5 |       0 |   0.0
        D:2 |      16 |       1 |   5.9 |      10 |       1 |   9.1
        D:3 |       2 |       0 |   0.0 |       2 |       0 |   0.0
        D:4 |     500 |     202 |  28.8 |      20 |       1 |   4.8
        D:5 |     357 |     319 |  47.2 |      10 |       5 |  33.3
        D:6 |     902 |     125 |  12.2 |      19 |       2 |   9.5
        D:7 |     807 |     967 |  54.5 |      24 |       5 |  17.2
        D:8 |     934 |    1453 |  60.9 |      21 |       6 |  22.2
        D:9 |    4215 |     942 |  18.3 |      28 |      30 |  51.7
       D:10 |    4430 |    1287 |  22.5 |      21 |      33 |  61.1
       D:11 |    4872 |    1700 |  25.9 |      17 |       7 |  29.2
       D:12 |    3891 |     991 |  20.3 |      29 |       1 |   3.3
       D:13 |    5787 |   11565 |  66.6 |      23 |      16 |  41.0
       D:14 |   11868 |       0 |   0.0 |      44 |       0 |   0.0
       D:15 |   13635 |    4646 |  25.4 |      42 |      15 |  26.3
     Lair:1 |    2064 |       0 |   0.0 |       8 |       0 |   0.0
     Lair:2 |    1373 |    3721 |  73.0 |      10 |       9 |  47.4
     Lair:3 |    5610 |    3267 |  36.8 |      23 |       3 |  11.5
     Lair:4 |    7199 |       0 |   0.0 |      23 |       0 |   0.0
     Lair:5 |    3195 |    3378 |  51.4 |      11 |      13 |  54.2
     Lair:6 |   15661 |   13308 |  45.9 |      47 |      57 |  54.8
    Swamp:1 |    7432 |       0 |   0.0 |      19 |       0 |   0.0
    Swamp:2 |    5531 |       0 |   0.0 |      11 |       0 |   0.0
    Swamp:3 |   18376 |       0 |   0.0 |      32 |       0 |   0.0
    Swamp:4 |   10092 |   11140 |  52.5 |      26 |      22 |  45.8
    Snake:1 |    6364 |    4003 |  38.6 |      15 |       9 |  37.5
    Snake:2 |    2582 |       0 |   0.0 |       3 |       0 |   0.0
    Snake:3 |    4834 |   14477 |  75.0 |      11 |      13 |  54.2
    Snake:4 |    9724 |   19245 |  66.4 |      19 |      42 |  68.9
   Vaults:1 |   13360 |    2214 |  14.2 |      24 |       7 |  22.6
   Vaults:2 |   20470 |    3524 |  14.7 |      31 |       5 |  13.9
   Vaults:3 |    7746 |    9091 |  54.0 |      17 |      11 |  39.3
   Vaults:4 |   17567 |   14280 |  44.8 |      36 |      12 |  25.0
   Vaults:5 |   20078 |   52820 |  72.5 |      25 |      41 |  62.1
    Abyss:1 |     500 |       0 |   0.0 |       3 |       0 |   0.0
    Ossuary |       0 |     120 | 100.0 |       0 |      21 | 100.0
      IceCv |       0 |    5487 | 100.0 |       0 |      20 | 100.0
            +---------+---------+-------+---------+---------+-------
